 Dungeon Crawl Stone Soup version 0.18-a0-1225-g5d63bca (webtiles) character file.

142 zionn the Cudgeler (level 5, -1/53 HPs)
             Began as a Troll Berserker on Feb 3, 2016.
             Was a Priest of Trog.
             Slain by Empheia's ghost (5 damage)
             ... on level 4 of the Dungeon.
             The game lasted 00:15:29 (1393 turns).

zionn the Cudgeler (Troll Berserker)                Turns: 1393, Time: 00:15:29

Health: -1/53      AC:  5    Str: 26    XL:     5   Next: 4%
Magic:  4/4        EV: 10    Int:  3    God:    Trog [***...]
Gold:   208        SH:  0    Dex:  9    Spells: 0 memorised, 4 levels left

rFire  + . .     SeeInvis .     a - +1 mace
rCold  . . .     Gourm    +     i - +0 robe
rNeg   . . .     Faith    .     (no shield)
rPois  .         Spirit   .     (helmet restricted)
rElec  .         Dismiss  .     (no cloak)
rCorr  .         Reflect  .     (gloves unavailable)
SustAt .         Harm     .     (boots unavailable)
MR     .....                    (no amulet)
Stlth  +.........               (no ring)
                                (no ring)

@: not resistant to hostile enchantments, very unstealthy
A: unfitting armour, claws 3, fire resistance 1, fast metabolism 3, gourmand,
regeneration 2, shaggy fur 1, tough skin 2
a: Berserk, Trog's Hand, Burn Spellbooks, Renounce Religion


You were on level 4 of the Dungeon.
You worshipped Trog.
Trog was most pleased with you.
You were near starving.

You visited 1 branch of the dungeon, and saw 4 of its levels.

You collected 208 gold pieces.

Inventory:

Hand Weapons
 a - a +1 mace (weapon)
Missiles
 f - 8 poisoned javelins (quivered)
Armour
 i - a +0 robe (worn)
Scrolls
 d - a scroll of enchant weapon
 e - a scroll of blinking
 j - a scroll of teleportation
Potions
 b - 2 potions of curing {unknown}
 h - a potion of resistance {unknown}
Comestibles
 c - 2 bread rations
 g - a meat ration


   Skills:
 + Level 3.2 Fighting
 + Level 3.7 Maces & Flails
 + Level 3.4 Dodging
 + Level 0.2 Stealth


You had 4 spell levels left.
You didn't know any spells.

Dungeon Overview and Level Annotations

Branches:
Dungeon (4/15)
 Temple: D:4-7

Altars:
Qazlal
Vehumet

Annotations:
D:4 Empheia's ghost, amateur DrTm


Innate Abilities, Weirdness & Mutations

You are too large for most types of armour.
You have claws for hands.
Your metabolism is lightning-fast.
You like to eat raw meat.
You heal very quickly.
You are covered in fur (AC +1).
You have very tough skin (AC +2).
Your flesh is heat resistant.


Message History

You hit Empheia's ghost.
Empheia's ghost is almost destroyed.
Empheia's ghost closely misses you.
You hit Empheia's ghost.
Empheia's ghost is almost destroyed.
Empheia's ghost hits you.
* * * LOW HITPOINT WARNING * * *
You completely miss Empheia's ghost.
Empheia's ghost is almost destroyed.
Empheia's ghost hits you.
* * * LOW HITPOINT WARNING * * *
x2 You closely miss Empheia's ghost.
Empheia's ghost is almost destroyed.
Empheia's ghost hits you but does no damage.
Empheia's ghost hits you!
* * * LOW HITPOINT WARNING * * *
x2 You hit Empheia's ghost.
Empheia's ghost is almost destroyed.
Empheia's ghost hits you.
You die...

# ... .## ... #...
.. ##.. .. ... #.
##.# #)####..#
#.#.....#
#####.@....##
?......W.....#
#........(...###
##...##.<......#
#...........##....
...........##
#....
...#........# #...
............# .##
............ #


You could see Empheia's ghost.

Vanquished Creatures
  The ghost of M4edhros the Charlatan, a weakling OpAr (D:3)
  Robin (D:2)
  An adder (D:3)
  2 worms
  2 giant geckos (D:2)
  3 orcs (D:3)
  2 ball pythons
  8 bats
  7 giant cockroaches
  15 goblins
  8 hobgoblins
  2 quokkas
  3 giant newts
  7 kobolds
  7 rats
69 creatures vanquished.

Notes
Turn   | Place    | Note
--------------------------------------------------------------
     0 | D:1      | zionn the Troll Berserker began the quest for the Orb.
     0 | D:1      | Reached XP level 1. HP: 22/22 MP: 0/0
   192 | D:1      | Reached XP level 2. HP: 29/29 MP: 1/1
   193 | D:1      | Reached skill level 3 in Maces & Flails
   398 | D:2      | Gained mutation: Your flesh is heat resistant. [potion of beneficial mutation]
   575 | D:2      | Reached ** piety under Trog
   608 | D:2      | Found a stormy altar of Qazlal.
   633 | D:2      | Reached XP level 3. HP: 36/36 MP: 2/2
   668 | D:2      | Noticed Robin
   691 | D:2      | Killed Robin
   969 | D:3      | Found a radiant altar of Vehumet.
   979 | D:3      | Noticed M4edhros's ghost (weakling OpAr)
   992 | D:3      | Killed M4edhros's ghost
   992 | D:3      | Reached XP level 4. HP: 37/45 MP: 3/3
  1032 | D:3      | Reached *** piety under Trog
  1261 | D:3      | Reached XP level 5. HP: 50/53 MP: 4/4
  1368 | D:4      | Noticed Empheia's ghost (amateur DrTm)
  1393 | D:4      | Slain by Empheia's ghost

Vault maps used:
D:1:      minmay_arrival_four_circles, minmay_misc_feat_columns
D:2:      grunt_qazlal_clouds, first_bread, uniq_robin
D:3:      lemuel_crystal_altar, minmay_misc_feat_ornament

Action                   |  1- 3 |  4- 6 || total
-------------------------+-------+-------++-------
Melee: Mace              |   145 |    84 ||   229
  Use: Scroll            |     7 |     1 ||     8
       Potion            |     1 |       ||     1
  Eat: Bread ration      |     2 |       ||     2
